 Dungeon Crawl Stone Soup version 0.29-a0-620-g13ace881f2 (webtiles) character file.

Game seed: 12826889644047489304

60 enile the Firebug (level 4, 0/23 (37) HPs)
             Began as a Meteoran Fire Elementalist on June 18, 2022.
             Was a Believer of Cheibriados.
             Killed from afar by Natasha (6 damage)
             ... with a magic dart
             ... on level 3 of the Dungeon.
             The game lasted 00:03:00 (1274 turns).

enile the Firebug (Meteoran Fire Elementalist)      Turns: 1274, Time: 00:03:01

HP:   0/23 (37)     AC:  2    Str: 14    XL:     4   Next: 48%
MP:   5/9           EV: 13    Int: 24    God:    Cheibriados [**....]
Gold: 81            SH:  0    Dex: 19    Spells: 5/8 levels left

rFire   . . .      SeeInvis .   c - +0 longbow
rCold   . . .      Faith    .   (shield currently unavailable)
rNeg    . . .      Spirit   .   a - +0 robe
rPois   .          Reflect  .   (no helmet)
rElec   .          Harm     .   (no cloak)
rCorr   .          Rampage  .   (no gloves)
Will    .....                   (no boots)
Stlth   +.........              (no amulet)
HPRegen 0.07/turn               (no ring)
MPRegen 0.11/turn               (no ring)

@: slowed, glowing, very heavily drained, very slow
A: sense surroundings 1, otherworldly, glowing, explore regen
a: Renounce Religion, Bend Time


You were on level 3 of the Dungeon.
You worshipped Cheibriados.
Cheibriados was pleased with you.
You visited 1 branch of the dungeon, and saw 3 of its levels.

You collected 81 gold pieces.

Inventory:

Hand Weapons
 c - a +0 longbow (weapon)
Armour
 a - a +0 robe (worn)
Jewellery
 g - a ring of ice
Scrolls
 e - 2 scrolls of identify {unknown}
 i - 2 scrolls of teleportation {unknown}
 k - 3 scrolls of poison {unknown}
Potions
 b - a potion of magic
 d - 2 potions of lignification {unknown}
 f - a potion of flight {unknown}
 h - a potion of heal wounds {unknown}
 j - a potion of might {unknown}


   Skills:
 + Level 2.4 Fighting
 - Level 2.4 Dodging
 - Level 1.4 Stealth
 - Level 2.6 Spellcasting
 - Level 1.2 Conjurations
 - Level 5.0 Fire Magic


You had 5 spell levels left.
You knew the following spells:

 Your Spells              Type           Power      Damage    Failure   Level
a - Foxfire               Conj/Fire      72%        2x1d7     3%          1
b - Scorch                Fire           54%        2d8       2%          2

Your spell library contained the following spells:

 Spells                   Type           Power      Damage    Failure   Level
 Conjure Flame            Conj/Fire      18%        6-21      10%         3
 Apportation              Tloc           6%         N/A       11%         1
 Necrotize                Necr           12%        1d4       11%         1
 Summon Small Mammal      Summ           12%        N/A       11%         1
 Inner Flame              Hex/Fire       15%        N/A       12%         3
 Flame Wave               Conj/Fire      18%        2d6       30%         4


Dungeon Overview and Level Annotations

Branches:
Dungeon (3/15) Zot: 1146

Altars:
Cheibriados

Annotations:
D:3 Natasha


Innate Abilities, Weirdness & Mutations

You passively map a small area around you.
You are easily found by Zot.
You glow in the dark.
You regain HP and MP as you explore.


Message History

An orc is nearby!
Casting: Scorch (safe; 2% risk of failure)
Confirm with . or Enter, or press ? or * to list all spells.
Flames lash the orc.
You kill the orc!
Cheibriados appreciates the change of pace.
Magic restored.
i - 2 scrolls labelled WUOTYVEPYWA (gained 1) Natasha and a bat come into view.
Natasha casts a spell at you.
You feel yourself slow down.
Casting: Scorch (safe; 2% risk of failure)
Confirm with . or Enter, or press ? or * to list all spells.
You can't see any susceptible monsters within range! (Use Z to cast anyway.)
Casting: Scorch (safe; 2% risk of failure)
Confirm with . or Enter, or press ? or * to list all spells.
You conjure some foxfire!
The foxfire hits Natasha but does no damage.
The foxfire hits Natasha.
Natasha is lightly wounded.
The bat barely misses you.
Natasha stares at you and mumbles some strange words.
The magic dart hits you.
Casting: Foxfire (safe; 3% risk of failure)
Confirm with . or Enter, or press ? or * to list all spells.
Flames lash the bat.
You kill the bat!
Cheibriados thoroughly appreciates the change of pace.
Cheibriados raises the support of your attributes as your movement slows.
Natasha claws you! Natasha claws you. Natasha closely misses you.
Casting: Scorch (safe; 2% risk of failure)
Confirm with . or Enter, or press ? or * to list all spells.
Flames lash Natasha.
Natasha is almost dead.
Natasha's fire resistance burns away.
Natasha claws you.
* * * LOW HITPOINT WARNING * * *
Natasha stares at you and mumbles some strange words.
The magic dart hits you.
You die...

, * , , ,, , , , *
* * * , , * * ,##.
##+## ... * *
##...## ,..# ** ,
##.....####...##.
##...<...#@.......
*
*#.........h.......
,+....)............
#...>.....##.....#
* * ##.......##
....## , ##.....##
#.### ##...## .#
##+## * .. * * * ,
, ,


You could see Natasha (combustible).

Vanquished Creatures
  2 adders (D:2)
  2 dart slugs (D:1)
  An orc (D:3)
  3 endoplasms
  A giant cockroach (D:2)
  2 goblins (D:1)
  3 hobgoblins
  3 quokkas (D:1)
  5 ball pythons
  6 bats
  A frilled lizard (D:1)
  2 kobolds (D:1)
  5 rats
36 creatures vanquished.

Vanquished Creatures (others)
  23 foxfires
23 creatures vanquished.

Grand Total: 59 creatures vanquished

Notes
Turn   | Place    | Note
-------+----------+-------------------------------------------
     0 | D:1      | enile the Meteoran Fire Elementalist began the quest for
                  | the Orb.
     0 | D:1      | Reached XP level 1. HP: 14/14 MP: 5/5
    63 | D:1      | Reached skill level 4 in Fire Magic
    65 | D:1      | Reached XP level 2. HP: 13/20 MP: 3/6
   128 | D:1      | Found a faded altar of an unknown god.
   216 | D:1      | Prayed at the altar of an unknown god.
   216 | D:1      | Became a worshipper of Cheibriados the Contemplative
   216 | D:1      | Reached * piety under Cheibriados
   276 | D:1      | Learned a level 2 spell: Scorch
   301 | D:1      | Reached XP level 3. HP: 14/26 MP: 4/8
   393 | D:1      | You fall into a shaft and drop 1 floor!
   442 | D:2      | Reached skill level 5 in Fire Magic
   442 | D:2      | Reached skill level 1 in Fighting
   459 | D:2      | Reached XP level 4. HP: 28/35 MP: 3/9
   485 | D:2      | Reached ** piety under Cheibriados
  1169 | D:2      | Glimpsed the power of Zot.
  1202 | D:2      | Glimpsed the power of Zot.
  1229 | D:2      | Glimpsed the power of Zot.
  1235 | D:2      | Glimpsed the power of Zot.
  1236 | D:2      | Touched by the power of Zot.
  1268 | D:3      | Noticed Natasha
  1274 | D:3      | Killed from afar by Natasha

Illustrated notes

Levels and vault maps discovered:
D:1:      roderic_dead_forest, layout_basic, dreamdust_ecumenical_altar_statues
D:2:      layout_basic
D:3:      layout_loops_corners, nicolae_overflow_hidden_temple, uniq_natasha

Skill      XL: |  1  2  3  4 |
---------------+-------------+-----
Fire Magic     | 4 5 |  5.0
Fighting       | 1 2 |  2.4
Dodging        | |  2.4
Stealth        | |  1.4
Spellcasting   | |  2.6
Conjurations   | |  1.2

Action                   |  1- 3 |  4- 6 || total
-------------------------+-------+-------++-------
 Fire: Longbow           |    16 |    22 ||    38
 Cast: Foxfire           |    15 |     1 ||    16
       Scorch            |     9 |     5 ||    14
Armor: Robe              |    10 |     3 ||    13
Dodge: Dodged            |    27 |     7 ||    34

Table legend: (Time is in decaauts)
 A = Elapsed time spent in this place.
 B = Non-inter-level travel time spent in this place.
 C = Inter-level travel time spent in this place.
 D = Time resting spent in this place.
 E = Time spent auto-exploring this place.
 F = Levels seen in this place.
 G = Mean time per level.
                   A        B        C        D        E       F      G
               +--------+--------+--------+--------+--------+-----+--------+
         Total |   1742 |   1525 |    217 |      0 |   1235 |   3 |  580.7 |
       Dungeon |   1742 |   1525 |    217 |      0 |   1235 |   3 |  580.7 |
               +--------+--------+--------+--------+--------+-----+--------+

Top non-repeatable levels by time:
     D:1: 931 daAuts
     D:2: 792 daAuts
     D:3: 18 daAuts
